Map: Psionic Temple

Players

Tesla - Winner!

  • Race: Protoss Protoss

Heyitsme

  • Race: Terran Terran

VOD

Have the link to the VOD?

Description

Time

  • Played on: Aug. 31, 2016, 10:54 a.m.
  • Length: 10:53
Show
View Real Time Build Order
Export as new Build Order

Tesla Protoss - Winner!

Build Orders:  

Get SALT Encoding   

  12  0:01  Probe (Chrono Boost)  
  13  0:12  Probe (Chrono Boost)  
  14  0:18  Pylon  
  14  0:22  Probe (Chrono Boost)  
  15  0:36  Probe (Chrono Boost)  
  16  0:43  Gateway  
  16  0:46  Assimilator  
  16  0:47  Probe (Chrono Boost)  
  17  0:57  Probe (Chrono Boost)  
  18  1:11  Probe (Chrono Boost)  
  19  1:19  Gateway  
  19  1:24  Probe (Chrono Boost)  
  19  1:33  Zealot  
  19  1:35  Probe (Chrono Boost)  
  22  1:47  Pylon  
  22  1:51  Probe (Chrono Boost)  
  23  2:02  Zealot  
  23  2:04  Nexus  
  23  2:07  Probe (Chrono Boost)  
  26  2:13  Zealot  
  27  2:19  Probe (Chrono Boost)  
  28  2:30  Cybernetics Core  
  28  2:31  Probe (Chrono Boost)  
  28  2:35  Assimilator  
  29  2:44  Probe (Chrono Boost)  
  30  2:48  Assimilator  
  30  2:53  Pylon, Warp Gate  
  30  2:56  Probe (Chrono Boost)  
  31  3:00  Assimilator  
  33  3:15  Mothership Core (Chrono Boost)  
  33  3:17  Probe (Chrono Boost)  
  34  3:26  Stalker  
  34  3:27  Stalker  
  38  3:28  Probe (Chrono Boost)  
  40  3:34  Probe (Chrono Boost)  
  40  3:38  Probe (Chrono Boost)  
  41  3:44  Pylon  
  41  3:46  Probe (Chrono Boost)  
  42  3:48  Pylon  
  43  3:55  Probe (Chrono Boost)  
  43  3:59  Stalker  
  43  4:01  Stalker  
  47  4:06  Probe (Chrono Boost)  
  47  4:09  Probe (Chrono Boost)  
  50  4:18  Probe (Chrono Boost)  
  50  4:22  Probe (Chrono Boost)  
  51  4:25  Robotics Facility  
  51  4:30  Probe (Chrono Boost)  
  52  4:34  Probe (Chrono Boost)  
  53  4:42  Probe (Chrono Boost)  
  55  4:46  Probe (Chrono Boost)  
  55  4:49  Gateway  
  55  4:50  Gateway  
  55  5:03  Stalker  
  55  5:04  Stalker  
  59  5:09  Pylon  
  59  5:13  Pylon, Observer  
  60  5:17  Pylon  
  60  5:27  Probe x2 (Chrono Boost), Stalker  
  64  5:34  Twilight Council  
  64  5:35  Observer  
  65  5:38  Forge  
  65  5:48  Probe x2 (Chrono Boost), Stalker  
  65  5:49  Adept  
  71  5:51  Sentry  
  71  5:55  Sentry  
  75  6:00  Probe (Chrono Boost)  
  75  6:01  Warp Prism  
  78  6:06  Probe (Chrono Boost)  
  78  6:10  Stalker  
  81  6:12  Sentry  
  81  6:17  Gateway  
  83  6:20  Pylon  
  83  6:24  Resonating Glaives  
  83  6:25  Probe (Chrono Boost), Stalker  
  84  6:28  Adept  
  88  6:35  Protoss Ground Weapons Level 1  
  88  6:45  Adept x2  
  85  6:59  Stalker x2  
  85  7:00  Stalker x2  
  81  7:10  Immortal  
  85  7:21  Mothership Core (Chrono Boost)  
  85  7:24  Adept x4  
  93  7:34  Pylon  
  93  7:37  Pylon  
  93  7:41  Pylon  
  93  7:43  Pylon  
  93  7:44  Pylon  
  93  7:54  Adept x4  
  93  7:55  Immortal  
  105  8:22  Stargate  
  105  8:24  Stargate  
  105  8:26  Stargate  
  105  8:34  Stalker x4  
  113  8:47  Blink  
  113  9:13  Fleet Beacon  
  113  10:02  Pylon  
  113  10:09  Tempest  
  121  10:27  Nexus  
  121  10:31  Assimilator  
  121  10:33  Assimilator  
  121  10:36  Pylon  
  121  10:38  Pylon  
  121  10:42  Pylon  
Show
View Real Time Build Order
Export as new Build Order

Heyitsme Terran 

Build Orders:  

Get SALT Encoding   

  12  0:01  SCV  
  13  0:13  SCV  
  14  0:25  SCV  
  15  0:28  Supply Depot  
  15  0:50  SCV  
  16  0:58  Refinery  
  16  1:02  SCV, Barracks  
  17  1:14  SCV  
  18  1:26  SCV  
  19  1:38  SCV  
  20  1:49  Marine  
  21  2:09  Barracks  
  21  2:15  Supply Depot  
  20  2:21  SCV  
  21  2:32  Command Center  
  21  2:33  SCV  
  22  2:41  Refinery  
  22  2:45  SCV  
  23  2:54  Factory  
  23  2:57  SCV  
  24  3:00  Factory  
  24  3:10  SCV, Marine  
  26  3:22  SCV  
  26  3:23  Supply Depot  
  27  3:28  Marine  
  27  3:29  Marine  
  29  3:38  Factory Tech Lab  
  29  3:46  Factory Tech Lab, Armory, Marine  
  29  3:47  Supply Depot  
  29  3:56  Supply Depot  
  29  4:03  SCV x2  
  29  4:04  Marine  
  32  4:15  SCV x2  
  34  4:22  Marine  
  35  4:33  Thor  
  41  4:42  Thor  
  47  4:49  Refinery  
  47  4:50  Refinery  
  47  5:16  Command Center  
  47  5:23  Thor  
  53  5:46  Thor  
  59  6:00  Terran Vehicle Weapons Level 1  
  59  6:03  SCV x2  
  27  7:19  SCV  
  20  7:31  SCV  
  21  7:43  SCV, Marine  
  18  7:55  SCV  
  19  8:04  SCV  
  19  8:07  SCV  
  19  8:16  SCV  
  19  8:19  SCV  
  21  8:28  SCV  
  21  8:31  SCV  
  23  8:34  Thor  
  29  8:45  SCV  
  29  8:55  SCV  
  27  8:57  SCV  
  28  9:05  Bunker, Marine  
  28  9:07  SCV  
  29  9:19  SCV  
Tags
 
Add a new tag
Caveats
  • Supply blocks, unpowered buildings, or Contaminate may cause inaccurate times.
  • Supply counts are checked every 10 seconds.